Cogmind - Beta 10.2 @@@ ROGUE MODE // 2021.02.01 @ 19:28:07 Player: Demise Result: Destroyed by D-53 Grenadier with Mini Grenade Launcher Performance ------------- Evolutions (0) 0 Regions Visited (2) 400 Robots Destroyed (26) 130 Value Destroyed (414) 414 Prototype IDs (2) 40 Alien Tech Used (0) 0 Bonus (0) 0 TOTAL SCORE: 984 Bonus ------- None Cogmind --------- Core Integrity 0/250 Matter 300/300 Energy 100/100 System Corruption 0% Temperature Cool (0) Movement Core (1100) Ox21 Location -10/Mines Parts ------- > --- POWER (1) -------- (None) > --- PROPULSION (2) --- (None) > --- UTILITY (2) ------ High-capacity Storage Unit High-capacity Storage Unit > --- WEAPON (2) ------- (None) > --- INVENTORY (20) --- Reinforced Ion Engine Reinforced Ion Engine Reinforced Ion Engine High-capacity Storage Unit High-capacity Storage Unit High-capacity Matter Pod (200) Improved Signal Interpreter Improved Signal Interpreter Improved Signal Interpreter Improved Signal Interpreter Light Armor Plating Light Armor Plating EM Pulse Gun Assault Rifle Light Assault Rifle Heavy Assault Rifle Heavy Assault Rifle Grenade Launcher Datajack Mining Laser Peak State ------------ > --- POWER ------------ Reinforced Ion Engine > --- PROPULSION ------- Light Treads Light Treads > --- UTILITY ---------- Large Storage Unit High-capacity Storage Unit > --- WEAPON ----------- Heavy Assault Rifle Heavy Assault Rifle > --- INVENTORY -------- Reinforced Ion Engine Reinforced Ion Engine Reinforced Ion Engine Light Treads High-capacity Matter Pod Signal Interpreter Light Armor Plating EM Pulse Gun Assault Rifle Light Assault Rifle Heavy Assault Rifle Heavy Assault Rifle Grenade Launcher Datajack Mining Laser [Rating: 12] Favorites ----------- Power Reinforced Ion Engine Engine Reinforced Ion Engine Propulsion Light Treads Treads Light Treads Utility High-capacity Storage Unit Storage High-capacity Storage Unit Processor Signal Interpreter Protection Light Armor Plating Weapon Heavy Assault Rifle Ballistic Gun Heavy Assault Rifle Special Melee Weapon Datajack Build | -11 -10 -10 ------- Run | Scr Mat Min Slots Evolved . | . . . Power . | . . . Propulsion . | . . . Utility . | . . . Weapon . | . . . Parts Attached 22 | 4 18 . Power 2 | . 2 . Engine 2 | . 2 . Core . | . . . Reactor . | . . . Propulsion 4 | 2 2 . Treads 4 | 2 2 . Leg . | . . . Wheel . | . . . Hover . | . . . Flight . | . . . Utility 10 | . 10 . Device . | . . . Storage 7 | . 7 . Processor 2 | . 2 . Hackware . | . . . Protection 1 | . 1 . Artifact . | . . . Weapon 6 | 2 4 . Energy Gun . | . . . Energy Cannon . | . . . Ballistic Gun 5 | 2 3 . Ballistic Cannon . | . . . Launcher . | . . . Special Weapon . | . . . Impact Weapon . | . . . Slashing Weapon . | . . . Piercing Weapon . | . . . Special Melee Weapon 1 | . 1 . Unidentified Prototypes . | . . . Parts Lost 6 | . 1 5 Power 1 | . . 1 Propulsion 3 | . 1 2 Utility . | . . . Weapon 2 | . . 2 Highest Loss Streak 5 | . 1 5 Average Slot Usage (%) 91 | . 91 91 Engine 12 | . 12 12 Treads 24 | . 24 24 Storage 23 | . 22 28 Protection 1 | . 2 . Ballistic Gun 26 | . 26 24 Special Melee Weapon 1 | . 1 . Naked Turns . | . . . Heaviest Build 80 | 3 80 80 Greatest Support 40 | 20 40 40 Greatest Overweight (x) 25 | . 3 25 Average Overweight (x) 1 | . 1 1 Largest Inventory Capacity 20 | 4 20 20 Average Capacity 15 | 4 15 20 Most Carried 20 | 4 20 20 Average Carried 13 | 2 12 20 Final Capacity 20 | 4 20 20 Final Carried 20 | 4 20 20 Class Distribution -------------------- 68% | Mutant 31% | Hauler-Mutant Dominant Class ---------------- Mutant | -10/Materials Hauler-Mutant | -10/Mines Resources | -11 -10 -10 ----------- Run | Scr Mat Min Matter Collected 1049 | 304 702 43 Remotely . | . . . Salvage Created 887 | 178 688 21 Parts 55 | 8 45 2 Haulers Intercepted 2 | . 2 . Recyclers Shooed 4 | 1 3 . Parts Field Recycled . | . . . Retrieved Matter . | . . . Parts Self-Destructed . | . . . Prevented . | . . . Kills | -11 -10 -10 ------- Run | Scr Mat Min Combat Hostiles Destroyed 13 | . 13 . Guns 13 | . 13 . Classes Destroyed 7 | 2 4 1 Builder 1 | . . 1 Tunneler 4 | 4 . . Hauler 2 | . 2 . Recycler 3 | 1 2 . Watcher 3 | . 3 . Swarmer 6 | . 6 . Grunt 7 | . 7 . Best Kill Streak 5 | 5 4 1 Combat Bots Only 4 | . 4 . Max Kills in Single Turn 1 | 1 1 1 Gunslinging . | . . . Exploded . | . . . Melee . | . . . Uniques/NPCs Destroyed . | . . . Combat | -11 -10 -10 -------- Run | Scr Mat Min Damage Taken 1506 | . 505 1001 Core 250 | . 34 216 Absorbed by Shields . | . . . Core Remaining (%) 100 | 100 . . Volleys Fired 90 | 18 70 2 Largest 2 | 2 2 2 Hottest 46 | 40 46 46 Shots Fired 180 | 36 140 4 Gun 180 | 36 140 4 Cannon . | . . . Launcher . | . . . Special . | . . . Kinetic 180 | 36 140 4 Thermal . | . . . Explosive . | . . . Electromagnetic . | . . . Robot Hit Streak 10 | 10 6 6 Robot Miss Streak 5 | 3 5 1 Penetration Max . | . . . Secondary Targets 2 | . 2 . Max Gunslinging Chain 1 | . 1 . Shots Hit Robots 109 | 24 83 2 Core Hits 38 | 8 29 1 Critical Hits 1 | . 1 . Critical Kills . | . . . Critical Parts Destroyed 1 | . 1 . Melee Attacks 2 | . 2 . Impact . | . . . Slashing . | . . . Piercing . | . . . Sneak Attacks 2 | . 2 . Combat Hostiles . | . . . Follow-up Attacks . | . . . Damage Inflicted 1329 | 264 1051 14 Guns 1329 | 264 1051 14 Cannons . | . . . Explosions . | . . . Melee . | . . . Ramming . | . . . Kinetic 1329 | 264 1051 14 Thermal . | . . . Explosive . | . . . Electromagnetic . | . . . Impact . | . . . Slashing . | . . . Piercing . | . . . Highest Corruption . | . . . Average Corruption . | . . . Corruption Purged . | . . . Overload Shots . | . . . Overflow Damage . | . . . Projectiles . | . . . Explosions . | . . . Melee . | . . . Knockbacks . | . . . Impact . | . . . Kinetic . | . . . Secondary . | . . . Self-Inflicted Damage . | . . . Shots . | . . . Rammed . | . . . Targets Rammed . | . . . Kicked . | . . . Crushed . | . . . Highest Temperature 81 | . 81 . Average Temperature 23 | . 23 . Received Heat Transfer 186 | . 186 . Siege Activations . | . . . Robots Corrupted . | . . . Combat Hostiles . | . . . Parts Fried . | . . . Impact Corruptions . | . . . Robots Melted . | . . . Combat Hostiles . | . . . Parts Melted . | . . . Heat Transferred . | . . . Parts Sabotaged . | . . . Parts Stolen . | . . . Parts Stripped . | . . . Power Chain Reactions . | . . . Missiles Intercepted . | . . . Alert | -11 -10 -10 ------- Run | Scr Mat Min Peak Influence 263 | 25 263 5 Initial 16 | . 16 . Average 60 | 10 73 . Maximum Alert Level 1 | . 1 . Low Security (%) 91 | 100 89 100 Level 1 8 | . 10 . Level 2 . | . . . Level 3 . | . . . Level 4 . | . . . Level 5 . | . . . High Security . | . . . Max Security . | . . . Squads Dispatched 1 | . 1 . Investigation 1 | . 1 . Extermination . | . . . Reinforcement . | . . . Assault . | . . . Garrison . | . . . Intercept . | . . . Construction Impeded . | . . . Haulers Reinforced . | . . . Stealth | -11 -10 -10 --------- Run | Scr Mat Min Distress Signals 5 | . 4 1 Communications Jammed . | . . . Distress Signals . | . . . Times Spotted 39 | . 23 16 Peak Tracking Total 16 | . 7 16 Tactical Retreats 2 | . 1 1 Traps | -11 -10 -10 ------- Run | Scr Mat Min Traps Triggered . | . . . Indirectly . | . . . Trap Hack Attempts 80 | . 80 . Triggered . | . . . Disarmed . | . . . Reprogrammed 8 | . 8 . Reused . | . . . Traps Extracted . | . . . Installed . | . . . Triggered . | . . . Machines | -11 -10 -10 ---------- Run | Scr Mat Min Machines Disabled . | . . . Max in Single Turn . | . . . Machines Sabotaged . | . . . Garrisons Compromised . | . . . Overloaded Fab Kills . | . . . Fab Network Shutdowns . | . . . Hacking | -11 -10 -10 --------- Run | Scr Mat Min Machines Accessed 8 | . 8 . Terminals 7 | . 7 . Fabricators . | . . . Repair Stations . | . . . Recycling Units 1 | . 1 . Scanalyzers . | . . . Garrison Access . | . . . Total Hacks 21 | . 21 . Successful 13 | . 13 . Failed 7 | . 7 . Catastrophic . | . . . Database Lockouts 1 | . 1 . Manual 19 | . 19 . Terminals 19 | . 19 . Fabricators . | . . . Repair Stations . | . . . Recycling Units 2 | . 2 . Scanalyzers . | . . . Garrison Access . | . . . Terminal Hacks 7 | . 7 . Part Schematic 2 | . 2 . Robot Schematic 1 | . 1 . Robot Analysis 1 | . 1 . Prototype ID Bank 1 | . 1 . Terminal Index 1 | . 1 . Zone Layout 1 | . 1 . Fabricator Hacks . | . . . Repair Station Hacks . | . . . Recycling Unit Hacks . | . . . Scanalyzer . | . . . Garrison Access Hacks . | . . . Unauthorized Hacks 6 | . 6 . Terminals 5 | . 5 . Assimilate 2 | . 2 . Botnet 2 | . 2 . Operators 1 | . 1 . Fabricators . | . . . Repair Stations . | . . . Recycling Units 1 | . 1 . Mask 1 | . 1 . Scanalyzers . | . . . Garrison Access . | . . . Data Cores Recovered . | . . . Used . | . . . Hacking Detections 7 | . 7 . Full Trace Events 2 | . 2 . Feedback Events . | . . . Feedback Blocked . | . . . Robot Schematics Acquired 1 | . 1 . Robots Built . | . . . Matter . | . . . Time . | . . . Total Robot Build Rating . | . . . Part Schematics Acquired 2 | . 2 . Parts Built . | . . . Matter . | . . . Time . | . . . Total Part Build Rating . | . . . Parts Repaired . | . . . Time . | . . . Parts Recycled . | . . . Recycled Matter . | . . . Retrieved Matter . | . . . Retrieved Components . | . . . Parts Scanalyzed . | . . . Part Schematics Acquired . | . . . Parts Damaged . | . . . Bothacking | -11 -10 -10 ------------ Run | Scr Mat Min Used RIF Installer . | . . . Robots Hacked 1 | . 1 . Non-combat 1 | . 1 . Combat . | . . . Robot Hacks Applied 1 | . 1 . parse_system 1 | . 1 . Relay Couplers Released . | . . . Robots Rewired . | . . . Allies Hacked . | . . . Hacks Repelled . | . . . Allies | -11 -10 -10 -------- Run | Scr Mat Min Total Allies 1 | . 1 . Largest Group 1 | . 1 1 Highest-Rated Group 10 | . 10 10 Highest-Rated Ally 10 | . 10 10 Total Orders . | . . . Ally Attacks . | . . . Total Damage . | . . . Kills . | . . . Allies Corrupted . | . . . Allies Melted . | . . . Intel | -11 -10 -10 ------- Run | Scr Mat Min Robot Analysis Total 1 | . 1 . Derelict Logs Recovered 1 | . . 1 Drone Launches . | . . . Drone Recoveries . | . . . Exploration | -11 -10 -10 ------------- Run | Scr Mat Min Turns Passed 2256 | 111 1822 323 Spaces Moved 961 | 37 767 157 Core 148 | 7 138 3 Treads 813 | 30 629 154 Legs . | . . . Wheels . | . . . Hover . | . . . Flight . | . . . Fastest Speed 50 | 50 50 180 Average Speed 182 | 139 181 199 Slowest Speed 1300 | 160 220 1300 Overloaded Moves . | . . . Propulsion Burnouts . | . . . Robots Hopped . | . . . Cave-ins Triggered 1 | . . 1 Exploration Rate (%) 47 | 3 98 41 Regions Visited 2 Branch Regions 1 Pre-discovered Areas . | . . . Known Exits Taken 1 | . 1 . Unknown Exits Taken 1 | 1 . . Scrap Searched 1 | . . 1 Spaces Dug . | . . . Terrain Destroyed . | . . . Melee . | . . . Projectile . | . . . AOE . | . . . Terrain Rammed . | . . . Walls Destroyed . | . . . Machines Disabled . | . . . Actions | -11 -10 -10 --------- Run | Scr Mat Min Total 1297 | 62 1067 168 Wait 90 | . 81 9 Move 959 | 36 766 157 Hop . | . . . Pick Up 37 | 4 33 . Fast Attach 12 | 4 8 . Attach 2 | . 2 . Detach 3 | . 3 . Swap 8 | . 8 . Drop 14 | . 14 . Fire 90 | 18 70 2 Melee 2 | . 2 . Ram . | . . . Kick . | . . . Crush . | . . . Escape Stasis . | . . . Rewire . | . . . Trap 80 | . 80 . Miscellaneous . | . . . Route ------- -11/Scrapyard -10/Materials (discovered 5 exits: *Mat x3 / *Min x2) -10/Mines (discovered 1 exit: *Mat) History --------- Turn | Location | Event 32 | -11/Scrapyard | Discovered new exit (range 16) 112 | -11/Scrapyard | Entered Materials 221 | -10/Materials | Discovered new exit (range 5) 304 | -10/Materials | Build established: Mutant 464 | -10/Materials | Discovered new exit (range 13) 931 | -10/Materials | Discovered new exit (range 11) 1263 | -10/Materials | Central database locked down 1301 | -10/Materials | Discovered new exit (range 6) 1320 | -10/Materials | Identified exit to Materials 1672 | -10/Materials | Identified exit to Mines 1853 | -10/Materials | Build established: Hauler-Mutant 1878 | -10/Materials | Discovered exit to Mines (range 5) 1934 | -10/Materials | Entered Mines 1934 | -10/Mines | Accompanied by 1 ally 1949 | -10/Mines | Learned Materials security intel 1964 | -10/Mines | Met a Derelict bent on vengeance 2120 | -10/Mines | Discovered exit to Materials (range 7) 2188 | -10/Mines | Assembled infested the area 2193 | -10/Mines | Assisted by a Guerilla fighting off Assembled 2226 | -10/Mines | Core integrity fell below 50% 2228 | -10/Mines | Core integrity fell below 20% 2239 | -10/Mines | Crushed by falling debris 2254 | -10/Mines | Lost 5 parts (1p2n2w) 2257 | -10/Mines | Destroyed by D-53 Grenadier with Mini Grenade Launcher Last Messages --------------- 02226_ The unstable cave ceiling collapses. 02231_ D-53 Grenadier destroyed. 02235_ as-61982 destroyed. 02236_ The unstable cave ceiling collapses. 02236_ K-01 Serf collects debris. 02238_ The unstable cave ceiling collapses. 02239_ Crushed by falling debris. 02239_ K-01 Serf collects debris. 02240_ U-05 Engineer lays Concrete. 02243_ K-01 Serf collects debris. 02244_ U-05 Engineer lays Concrete. 02245_ K-01 Serf collects debris. 02246_ U-05 Engineer builds a Wall. 02249_ K-01 Serf collects debris. 02250_ U-05 Engineer lays Concrete. 02251_ U-05 Engineer builds a Wall. 02253_ K-01 Serf collects debris. 02256_ The unstable cave ceiling collapses. 02256_ U-05 Engineer builds a Wall. 02256_ K-01 Serf collects debris. Map ----- +----------------------------------------------------+ | #### ??????????????????????????? | | #?## #####?????????????????????????????? | | ##?# ##?????????????????????????????????? | | #??# #??????????????????????????????????? | | #??# #??????????????????????????????????? | | ###??# ##?####????????????????????????????? | | ?????## ## ##???????????????????????????? | | ??????## #???????????????????????????? | | ???????## #???????????????????????????? | | ????????## ##???????????????????????????? | | ?????????#### ##????????????????????????????? | | ????????????## #?????????????????????????????? | | ?????????????# #?????????????????????????????? | | ????????????## #?????????????????????????????? | | ????????????# ##????????????????????????????? | | ????????????# #????????????????##??????????? | | ????????????## #????????????### ???????????? | | ?????????????## #???????????# #??? #????? | | ??????????????# ##??????????# ?????? | | ?????????????## ########????# * ??????? | | ?????????????# ### ##### %???????? | | ?????????????# # # # =%??????? | | ?????????????# #r % % ?????? | | ?????????????# # ! % #??????? | | ?????????????# # d## ##??????? | | ?????????????# # @ # ""#??????? | | ?????????????# ## # ### # #??????? | | ????????????## ## #? ##????????? | | ???????????## ## #?# #?????????? | | ??????????## %u % ##??# ##?????????? | | ?????###?## ## t ## #???####??????????? | | ????## ## ####k ### # ##?????????????????? | | ????# ##??## ##?#####??????????????????? | | ????# ####????# #?????????????????????????? | | ????## ##???????# #?????????????????????????? | | ?????## ###????????# ###???????????????????????? | | ??????####??????????# #???????????????????????? | | ??????############### #???????????????????????? | | ??????# # #???????????????????????? | | ??????# !!! #???????????????????????? | | ??????# ! ! #???????????????????????? | | ??????# ! ! ####???????????????????????? | | ??????# !!! < #??????????????????????????? | | ??????# #??????????????????????????? | | ??????# #??????????????????????????? | | ??????#################??????????????????????????? | | ?????????????????????????????????????????????????? | | ?????????????????????????????????????????????????? | | ?????????????????????????????????????????????????? | | ?????????????????????????????????????????????????? | +----------------------------------------------------+ Best States ------------- Heat Dissipation 25 Energy Generation 12 Energy Capacity 265 Matter Stores 300 Matter Capacity 300 Sight Range 16 Terrain Scan Density 10 Armor Coverage 150 Evasion (%) 50 Recoil Reduction 2 Item Schematics ----------------- Hcp. Storage Unit | -10/Materials | Hacked Lrg. Storage Unit | -10/Materials | Hacked Robot Schematics ------------------ S-10 Pest | -10/Materials | Hacked Fabricated ------------ Nothing Alien Tech Used ----------------- None Achievements -------------- None Challenges ------------ None Game ------ Seed CloakingWeldingSabre Manual? 0 Play Time 00:14:18 Cumulative 262.5 hours Start 2021.02.01 @ 19:12:10 End 2021.02.01 @ 19:28:07 Sessions 1 Manual Loads 0 Difficulty Rogue Special Mode None Game No. 229 Rogue 229 Adventurer 0 Explorer 0 Win Type - Total 1 Types 0/0/0/1/0/0/0/0/0 Lore% 63 Gallery% 73 Achievement% 57 Wizard Run 0 Options --------- ASCII 0 Keyboard 1 Movement Numpad Keybinds 0 Fullscreen 1 Font 12/Terminus Map View 83x54 Tactical HUD 1 Map Filters NONE Filters NONE Steam 1 RUN: bc4ebd1d-e2ca-4048-abf9-8fe3cd3507db